 Dungeon Crawl Stone Soup version 0.26.1-11-gd32895ea62 (webtiles) character file.

Game seed: 10053703552961682574

3254 infcreate the Covert (level 9, -10/51 HPs)
             Began as a Vampire Necromancer on June 24, 2021.
             Killed by divine providence
             ... invoked by an orc priest
              (15 damage)
             ... on level 8 of the Dungeon.
             The game lasted 00:30:57 (8908 turns).

infcreate the Covert (Vampire Necromancer)          Turns: 8908, Time: 00:30:58

Health: -10/51     AC:  5    Str:  7    XL:     9   Next: 67%
Magic:  7/15       EV: 21    Int: 18    God:
Gold:   382        SH:  0    Dex: 17    Spells: 2/16 levels left

rFire    . . .     SeeInvis +   t - +3 dagger (freeze)
rCold    + + .     Faith    .   (no shield)
rNeg     + + +     Spirit   .   a - +0 robe
rPois    ∞         Reflect  .   y - +1 helmet
rElec    .         Harm     .   (no cloak)
rCorr    .         Rampage  .   p - +0 pair of gloves
Will     .....                  (no boots)
Stlth    ++++++....             (no amulet)
HPRegen  0.00/turn              E - +4 ring of evasion
MPRegen  0.14/turn              (no ring)

@: bloodless
A: fangs 3, see invisible, unbreathing
a: Bat Form, Revivify


You were on level 8 of the Dungeon.
You visited 2 branches of the dungeon, and saw 9 of its levels.

You collected 382 gold pieces.


Innate Abilities, Weirdness & Mutations

You do not regenerate when monsters are visible.
You are frail without blood (-20% HP).
You can heal yourself when you bite living creatures.
You are immune to poison.
You have razor-sharp teeth.
You have supernaturally acute eyesight. (SInv)
You can survive without breathing.


   Skills:
 + Level 3.6 Fighting
 * Level 6.5 Short Blades
 * Level 7.0 Dodging
 * Level 9.9 Stealth
 + Level 4.3 Spellcasting
 * Level 8.1 Necromancy


You had 2 spell levels left.
You knew the following spells:

 Your Spells              Type           Power        Failure   Level
a - Animate Skeleton      Necr           66%          1%          1
d - Animate Dead          Necr           16%          4%          4
p - Pain                  Necr           100%         1%          1
v - Vampiric Draining     Necr           16%          1%          3
y - Agony                 Necr           33%          14%         5

Your spell library contained the following spells:

 Spells                   Type           Power        Failure   Level
 Sting                    Tmut/Pois      12%          14%         1
 Poisonous Vapours        Pois/Air       6%           22%         2
 Ignite Poison            Fire/Tmut/Pois 3%           38%         3
 Mephitic Cloud           Conj/Pois/Air  3%           38%         3
 Olgreb's Toxic Radiance  Pois           3%           80%         4

Inventory:

Hand Weapons
 t - a +3 dagger of freezing (weapon)
Missiles
 u - a throwing net {=f}
Armour
 a - a +0 robe (worn)
 p - a +0 pair of gloves (worn)
 y - a +1 helmet (worn)
Jewellery
 E - a +4 ring of evasion (left hand)
Wands
 w - a wand of disintegration (6)
Scrolls
 c - 4 scrolls of teleportation {@r4}
 d - 2 scrolls of remove curse {@r2}
 h - 4 scrolls of immolation
 i - 2 scrolls of blinking
 l - 3 scrolls of identify {@r1}
Potions
 b - a potion of flight {unknown}
 e - 4 potions of curing {@q1}
 f - 3 potions of heal wounds {@q2}
 g - a potion of resistance {unknown}
 k - 2 potions of magic
 m - 2 potions of lignification {unknown}
 n - a potion of haste {unknown}
 o - a potion of attraction {unknown}
 r - 3 potions of brilliance
 v - a potion of ambrosia {unknown}
 x - 2 potions of cancellation {unknown}

Dungeon Overview and Level Annotations

Branches:
Dungeon (8/15)             Temple (1/1) D:6
   Lair: D:8-11

Altars:
Ashenzari
Cheibriados
Dithmenos
Elyvilon
Fedhas
Gozag
Hepliaklqana
Makhleb
Nemelex Xobeh
Okawaru
Qazlal
Ru
Sif Muna
Trog
Uskayaw
Vehumet
Wu Jian
Xom
Yredelemnul
Zin
The Shining One

Shops:
D:5 *   D:7 =

Annotations:
D:6 3 runed translucent doors, sixsigma's ghost, novice GnCj

#.# #.#### #.#
#....# #.# ###.##
#.# #.# #.# #.# #.#
# #.#
#.#.#####.##.# #.#
#...o........# #.#
###.#####.######@##
#..o)o.....#
#..######### #..#
####


You could see 2 orc priests.


Message History

The orc wizard gestures at you while chanting.
The magic dart hits you.
The orc wizard barely resists.
The orc wizard points at you and mumbles some strange words.
The puff of flame misses you.
The orc priest invokes the aid of Beogh against you.
Beogh smites you!
The orc priest calls down the wrath of Beogh upon you.
Beogh smites you!
* * * LOW HITPOINT WARNING * * *
The orc priest calls down the wrath of Beogh upon you.
Beogh smites you!
* * * LOW HITPOINT WARNING * * *
Casting: Pain (safe; 1% risk of failure)
Confirm with . or Enter, or press ? or * to list all spells.
Aiming: Vampiric Draining (safe; 1% risk of failure)
Press: ? - help, Shift-Dir - straight line, f/p - orc wizard
Aim: an orc wizard, wielding a +0 dagger and wearing a +0 robe (severely wounded)
You kill the orc wizard!
You feel life coursing into your body.
Casting: Vampiric Draining (safe; 1% risk of failure)
Confirm with . or Enter, or press ? or * to list all spells.
Aiming: Vampiric Draining (safe; 1% risk of failure)
Press: ? - help, Shift-Dir - straight line, f - orc
Aim: an orc, wielding a +0 hand axe (heavily wounded)
You kill the orc!
You feel life coursing into your body.
The orc priest calls down the wrath of Beogh upon you.
Beogh smites you!
You die...

Skill      XL: |  1  2  3  4  5  6  7  8  9 |
---------------+----------------------------+-----
Short Blades   | 1 2 3 4 5 6 |  6.5
Stealth        | 4 5 7 8 9 |  9.9
Dodging        | 3 4 5 6 7 |  7.0
Necromancy     | 5 6 7 8 |  8.1
Fighting       | 1 2 3 |  3.6
Spellcasting   | 3 4 |  4.3

Action                   |  1- 3 |  4- 6 |  7- 9 || total
-------------------------+-------+-------+-------++-------
Melee: Unarmed           |     9 |       |       ||     9
       Hand axe          |     8 |       |       ||     8
       Bite              |     2 |     4 |    10 ||    16
       Dagger            |    23 |    58 |   159 ||   240
 Cast: Pain              |    55 |    38 |   170 ||   263
       Vampiric Draining |       |     4 |    31 ||    35
       Agony             |       |       |     1 ||     1
 Abil: Exsanguinate      |     1 |       |       ||     1
  Use: Scroll            |     1 |     6 |    11 ||    18
 Stab: Sleeping          |    15 |    12 |    25 ||    52
       Distracted        |       |       |     1 ||     1
Armor: Robe              |     6 |     3 |    13 ||    22
Dodge: Dodged            |    39 |    40 |   163 ||   242

Levels and vault maps discovered:
D:1:      minmay_arrival_arboretum_small, layout_basic
D:2:      kb_forest_paths, layout_basic, chequers_serial_rivers_small_3
D:3:      layout_rooms, wad_floor_pattern_untrapped, chequers_jeans,
          kennysheep_generic_room_14
D:4:      layout_basic
D:5:      corexii_shack_village, layout_loops_ring, minivault_5, minivault_27,
          solitary_fountain, nicolae_gozag_zags_fifth_avenue
D:6:      layout_basic, minmay_temple_entry_stoned_glass, gammafunk_ghost_icy
D:7:      layout_cave_pools, serial_gnoll_camp, gnoll_camp_mini_loothouse,
          gnoll_camp_mini_basic, gnoll_camp_mini_hut, gnoll_camp_mini_shop,
          gnoll_camp_mini_basic, gnoll_camp_mini_doghouse
D:8:      argonaut_augean_stables, layout_basic, gammafunk_ghost_icy,
          minmay_shattered_shrine
Temple:   kilobyte_greek_temple

Notes
Turn   | Place    | Note
-------+----------+-------------------------------------------
     0 | D:1      | infcreate the Vampire Necromancer began the quest for the
                  | Orb.
     0 | D:1      | Reached XP level 1. HP: 13/13 MP: 3/3
   452 | D:1      | You fall into a shaft and drop 1 floor!
   597 | D:1      | Reached XP level 2. HP: 15/15 MP: 5/5
   603 | D:1      | Learned a level 1 spell: Animate Skeleton
  1266 | D:2      | Reached skill level 1 in Short Blades
  1497 | D:2      | Reached XP level 3. HP: 20/20 MP: 4/6
  2066 | D:3      | Learned a level 3 spell: Vampiric Draining
  2283 | D:3      | Reached XP level 4. HP: 24/24 MP: 3/7
  2541 | D:3      | Reached skill level 4 in Stealth
  2875 | D:4      | Reached skill level 2 in Short Blades
  2875 | D:4      | Reached skill level 3 in Dodging
  2875 | D:4      | Reached skill level 5 in Necromancy
  2947 | D:4      | Reached skill level 1 in Fighting
  2947 | D:4      | Reached XP level 5. HP: 29/29 MP: 2/8
  3230 | D:4      | Noticed an ogre
  3364 | D:4      | Learned a level 4 spell: Animate Dead
  3442 | D:4      | Noticed an ogre
  3932 | D:5      | Entered Level 5 of the Dungeon
  3937 | D:5      | Noticed a centaur
  4018 | D:5      | Noticed a sky beast
  4051 | D:5      | Reached skill level 5 in Stealth
  4212 | D:5      | Killed a sky beast
  4213 | D:5      | Reached XP level 6. HP: 34/34 MP: 8/10
  4213 | D:5      | Found Gozag's Platinum Reserve.
  4250 | D:5      | Found an opulent altar of Gozag.
  4344 | D:5      | Reached skill level 3 in Short Blades
  4344 | D:5      | Reached skill level 4 in Dodging
  4454 | D:5      | Reached XP level 7. HP: 38/39 MP: 5/11
  4531 | D:5      | Reached skill level 6 in Stealth
  4531 | D:5      | Reached skill level 3 in Spellcasting
  4779 | D:5      | Reached skill level 2 in Fighting
  4779 | D:5      | Reached skill level 6 in Necromancy
  5217 | D:4      | Reached skill level 4 in Short Blades
  5324 | D:5      | Reached skill level 5 in Dodging
  5354 | D:5      | Reached skill level 7 in Stealth
  5354 | D:5      | Reached XP level 8. HP: 20/44 MP: 0/12
  5732 | D:6      | Found a staircase to the Ecumenical Temple.
  5768 | Temple   | Entered the Ecumenical Temple
  5947 | D:6      | Found a runed translucent gate.
  5947 | D:6      | Found a runed translucent gate.
  5947 | D:6      | Found a runed translucent gate.
  6415 | D:6      | Reached skill level 5 in Short Blades
  6415 | D:6      | Reached skill level 8 in Stealth
  6492 | D:6      | Reached skill level 7 in Necromancy
  6919 | D:6      | Reached skill level 6 in Dodging
  6996 | D:6      | Noticed sixsigma's ghost (novice GnCj)
  6998 | D:6      | Reached skill level 3 in Fighting
  7301 | D:6      | Reached XP level 9. HP: 36/50 MP: 7/14
  7661 | D:7      | Reached skill level 9 in Stealth
  7745 | D:7      | Reached skill level 4 in Spellcasting
  8139 | D:7      | Reached skill level 6 in Short Blades
  8177 | D:7      | Found Maikush's Jewellery Shoppe.
  8565 | D:7      | Reached skill level 8 in Necromancy
  8680 | D:8      | Reached skill level 7 in Dodging
  8686 | D:8      | Learned a level 5 spell: Agony
  8771 | D:8      | Noticed a two-headed ogre
  8899 | D:8      | HP: 1/51 [orc priest/divine providence (13)]
  8908 | D:8      | Killed from afar by an orc priest

Vanquished Creatures
  An orc warrior (D:6)
  2 sky beasts
  4 ice beasts
  A necrophage (D:7)
  6 ogres
  5 centaurs
  A big kobold (D:7)
  5 bullfrogs
  2 gnoll sergeants (D:7)
  3 scorpions
  A howler monkey (D:6)
  A bullfrog zombie (D:6)
  4 orc priests
  A centaur skeleton (D:5)
  7 hounds
  A gnoll shaman (D:7)
  An iguana (D:6)
  3 orc wizards
  3 worker ants
  12 gnolls (D:7)
  7 adders
  2 shadow imps
  An ufetubus (D:7)
  An ooze (D:6)
  An adder zombie (D:7)
  2 worms
  3 dart slugs
  6 leopard geckos
  11 orcs
  6 giant cockroaches
  10 goblins
  5 hobgoblins
  12 jackals
  15 kobolds
  4 quokkas
  7 bats
  6 frilled lizards
  2 jackal skeletons
  A quokka skeleton (D:5)
  4 rats
170 creatures vanquished.

Vanquished Creatures (others)
  2 plants (D:5)
2 creatures vanquished.

Grand Total: 172 creatures vanquished

Table legend: (Time is in decaauts)
 A = Elapsed time spent in this place.
 B = Non-inter-level travel time spent in this place.
 C = Inter-level travel time spent in this place.
 D = Time resting spent in this place.
 E = Time spent auto-exploring this place.
 F = Levels seen in this place.
 G = Mean time per level.
                   A        B        C        D        E       F      G
               +--------+--------+--------+--------+--------+-----+--------+
         Total |   8871 |   7592 |   1279 |   3231 |      0 |   9 |  985.7 |
       Dungeon |   8709 |   7471 |   1238 |   3231 |      0 |   8 | 1088.6 |
        Temple |    161 |    120 |     41 |      0 |      0 |   1 |  161.0 |
               +--------+--------+--------+--------+--------+-----+--------+

Top non-repeatable levels by time:
     D:5: 1795 daAuts
     D:4: 1294 daAuts
     D:6: 1256 daAuts
     D:7: 1242 daAuts
     D:1: 1105 daAuts
     D:2: 950 daAuts
     D:3: 862 daAuts
     D:8: 202 daAuts
  Temple: 161 daAuts

Table legend:
 A = Non-vault XP
 B = Vault XP
 C = Vault XP percentage of total XP
 D = Non-vault monster count
 E = Vault monster count
 F = Vault count percentage of total count
                 A         B        C        D         E       F
            +---------+---------+-------+---------+---------+-------
      Total |    3673 |     976 |  21.0 |     124 |      46 |  27.1
            +---------+---------+-------+---------+---------+-------
        D:1 |      26 |       0 |   0.0 |      14 |       0 |   0.0
        D:2 |      23 |      21 |  47.7 |      13 |       6 |  31.6
        D:3 |      44 |       0 |   0.0 |      17 |       0 |   0.0
        D:4 |     422 |       0 |   0.0 |      12 |       0 |   0.0
        D:5 |    1207 |      22 |   1.8 |      22 |      12 |  35.3
        D:6 |    1035 |       0 |   0.0 |      23 |       0 |   0.0
        D:7 |     831 |     602 |  42.0 |      19 |      24 |  55.8
        D:8 |      85 |     331 |  79.6 |       4 |       4 |  50.0
            +---------+---------+-------+---------+---------+-------
